| TOP OF THE 1ST |
|
San Jose Giants batting - Pitching for Harrisburg Senators : LHP Harry Osborne
|
|
Pitching: LHP Harry Osborne
|
|
|
Batting: RHB Bill Defazio
|
0-0: Foul Ball, location: 2F 0-1: SINGLE (Line Drive, 34D, EV 101.2 MPH)
|
|
Batting: RHB Sadataka Kuwahara
|
0-0: Ball 1-0: Foul Ball, location: 2F 1-1: Ball 2-1: Ball 3-1: Base on Balls Bill Defazio to second
|
|
Batting: LHB Al Hernandez
|
0-0: Ball 1-0: Swinging Strike 1-1: Ball 2-1: Foul Ball, location: 2F 2-2: Foul Ball, location: 2F 2-2: Fly out, F8 (Flyball, 8LM, EV 85.0 MPH)
|
|
Batting: LHB Jared Paige
|
0-0: Ball 1-0: Grounds into double play, 5-4-3 (Groundball, 56, EV 100.0 MPH)
|
| Top of the 1st over - 0 runs, 1 hit, 0 errors, 1 left on base; San Jose 0 - Harrisburg 0 |
| BOTTOM OF THE 1ST |
|
Harrisburg Senators batting - Pitching for San Jose Giants : RHP Pat Richardson
|
|
Pitching: RHP Pat Richardson
|
|
|
Batting: RHB Jim Miske
|
0-0: Ball 1-0: Swinging Strike 1-1: Ball 2-1: Ball 3-1: Base on Balls
|
|
Batting: RHB Kevin Wick
|
0-0: Called Strike 0-1: Ball Jim Miske steals 2nd base 1-1: DOUBLE (Groundball, 5L, EV 99.4 MPH) Jim Miske scores
|
|
Batting: RHB Rene Montoya
|
0-0: Called Strike 0-1: Ball 1-1: Called Strike 1-2: Foul Ball, location: 2F 1-2: Ball 2-2: Foul Ball, location: 2F 2-2: Ball 3-2: DOUBLE (Line Drive, 89M, EV 96.9 MPH) Kevin Wick scores
|
|
Batting: RHB Ben Welt
|
0-0: Called Strike 0-1: Swinging Strike 0-2: 2-RUN HOME RUN (Flyball, 78XD, EV 103.1 MPH), Distance : 400 ft
|
|
Batting: RHB John McNeill
|
0-0: SINGLE (Line Drive, 9LS, EV 95.6 MPH)
|
|
Batting: RHB Gabe Almazan
|
0-0: Ball 1-0: Ball 2-0: Foul Ball, location: 2F 2-1: Ball 3-1: Fly out, F8 (Flyball, 8RD, EV 86.9 MPH)
|
|
Batting: RHB Justin Slifka
|
0-0: Called Strike 0-1: Fly out, F8 (Flyball, 8LM, EV 85.6 MPH)
|
|
Batting: RHB Tony Madrigal
|
0-0: Called Strike John McNeill steals 2nd base 0-1: Swinging Strike 0-2: SINGLE (Line Drive, 34D, EV 100.0 MPH) John McNeill to third Runner from 3rd tries for Home, SAFE, throw by RF to home
|
|
Batting: SHB Alex Medina
|
0-0: Ball 1-0: Fielders Choice at 2nd, U6 (Groundball, 6M, EV 103.1 MPH)
|
| Bottom of the 1st over - 5 runs, 5 hits, 0 errors, 1 left on base; San Jose 0 - Harrisburg 5 |
| TOP OF THE 2ND |
|
San Jose Giants batting - Pitching for Harrisburg Senators : LHP Harry Osborne
|
|
Batting: LHB J.P. Olson
|
0-0: Foul Ball, location: 2F 0-1: Ball 1-1: Fly out, F9 (Flyball, 9D, EV 83.1 MPH)
|
|
Batting: LHB Ryan Anderson
|
0-0: Ball 1-0: Fly out, F8 (Flyball, 8RD, EV 100.0 MPH)
|
|
Batting: RHB Josh Lippens
|
0-0: Called Strike 0-1: Swinging Strike 0-2: Ball 1-2: Ball 2-2: Fly out, F8 (Flyball, 8LD, EV 90.6 MPH)
|
| Top of the 2nd over - 0 runs, 0 hits, 0 errors, 0 left on base; San Jose 0 - Harrisburg 5 |
| BOTTOM OF THE 2ND |
|
Harrisburg Senators batting - Pitching for San Jose Giants : RHP Pat Richardson
|
|
Batting: RHB Jim Miske
|
0-0: Foul Ball, location: 2F 0-1: Ground out 6-3 (Groundball, 6D, EV 101.9 MPH)
|
|
Batting: RHB Kevin Wick
|
0-0: Called Strike 0-1: Fly out, F8 (Line Drive, 8RM, EV 96.9 MPH)
|
|
Batting: RHB Rene Montoya
|
0-0: Ball 1-0: Ball 2-0: Ball 3-0: Called Strike 3-1: Called Strike 3-2: Ground out 4-3 (Groundball, 4, EV 100.0 MPH)
|
| Bottom of the 2nd over - 0 runs, 0 hits, 0 errors, 0 left on base; San Jose 0 - Harrisburg 5 |
| TOP OF THE 3RD |
|
San Jose Giants batting - Pitching for Harrisburg Senators : LHP Harry Osborne
|
|
Batting: RHB Dinand Brouwer
|
0-0: Called Strike 0-1: Ball 1-1: Ball 2-1: SINGLE (Line Drive, 56D, EV 96.2 MPH)
|
|
Batting: RHB Gabe Ochoa
|
0-0: Ground out 4-3 (Groundball, 4, EV 82.5 MPH) Dinand Brouwer to second
|
|
Batting: RHB Bill Defazio
|
0-0: TRIPLE (Line Drive, 8RXD, EV 105.6 MPH) Dinand Brouwer scores
|
|
Batting: RHB Sadataka Kuwahara
|
0-0: Ball 1-0: Ground out 6-3 (Groundball, 6, EV 85.0 MPH) Bill Defazio scores
|
|
Batting: LHB Al Hernandez
|
0-0: Ball 1-0: Ball 2-0: Called Strike 2-1: Ball 3-1: Called Strike 3-2: Strikes out swinging
|
| Top of the 3rd over - 2 runs, 2 hits, 0 errors, 0 left on base; San Jose 2 - Harrisburg 5 |
| BOTTOM OF THE 3RD |
|
Harrisburg Senators batting - Pitching for San Jose Giants : RHP Pat Richardson
|
|
Batting: RHB Ben Welt
|
0-0: Called Strike 0-1: Swinging Strike 0-2: Ball 1-2: Foul Ball, location: 2F 1-2: SINGLE (Groundball, 34, EV 98.8 MPH)
|
|
Batting: RHB John McNeill
|
0-0: Ball 1-0: SINGLE (Line Drive, 78M, EV 105.6 MPH) Ben Welt to second
|
|
Pitching: LHP Tommy McCusker
|
|
|
Batting: RHB Gabe Almazan
|
0-0: Ball 1-0: Ball 2-0: SINGLE (Groundball, 56D, EV 102.5 MPH) Ben Welt to third John McNeill to second Runner from 3rd tries for Home, throw by LF and OUT! 7-2
|
|
Batting: RHB Justin Slifka
|
0-0: Called Strike John McNeill steals 3rd base 0-1: Swinging Strike 0-2: Foul Ball, location: 2F 0-2: Ball 1-2: Ball 2-2: Strikes out swinging
|
|
Batting: RHB Tony Madrigal
|
0-0: Called Strike 0-1: Ball 1-1: Ball 2-1: Ball 3-1: Swinging Strike 3-2: SINGLE (Flyball, 8RM, EV 89.4 MPH) John McNeill scores Gabe Almazan to second Gabe Almazan to third
|
|
Batting: SHB Alex Medina
|
0-0: Ball 1-0: Ball 2-0: Ball 3-0: Base on Balls Tony Madrigal to second
|
|
Pitching: RHP Lorenzo Merjil
|
|
|
Batting: RHB Jim Miske
|
0-0: Ball 1-0: Ball 2-0: Foul Ball, location: 2F 2-1: Fielders Choice at 2nd, 6-4 (Groundball, 6, EV 105.0 MPH)
|
| Bottom of the 3rd over - 1 run, 4 hits, 0 errors, 3 left on base; San Jose 2 - Harrisburg 6 |
| TOP OF THE 4TH |
|
San Jose Giants batting - Pitching for Harrisburg Senators : LHP Harry Osborne
|
|
Batting: LHB Jared Paige
|
0-0: Called Strike 0-1: Ball 1-1: SINGLE (Groundball, 6MD, EV 101.2 MPH)
|
|
Batting: LHB J.P. Olson
|
0-0: Foul Ball, location: 2F 0-1: Foul Ball, location: 2F 0-2: Fielders Choice at 2nd, 4-6 (Groundball, 4, EV 95.0 MPH)
|
|
Batting: LHB Ryan Anderson
|
0-0: Called Strike 0-1: Foul Ball, location: 2F 0-2: Ball 1-2: Ball 2-2: Foul Ball, location: 2F 2-2: Ball 3-2: Base on Balls J.P. Olson to second
|
|
Batting: RHB Josh Lippens
|
0-0: Swinging Strike 0-1: Swinging Strike 0-2: Strikes out swinging
|
|
Batting: RHB Dinand Brouwer
|
0-0: Fly out, F7 (Line Drive, 78S, EV 90.0 MPH)
|
| Top of the 4th over - 0 runs, 1 hit, 0 errors, 2 left on base; San Jose 2 - Harrisburg 6 |
| BOTTOM OF THE 4TH |
|
Harrisburg Senators batting - Pitching for San Jose Giants : RHP Lorenzo Merjil
|
|
Batting: RHB Kevin Wick
|
0-0: Swinging Strike 0-1: Ball 1-1: Foul Ball, location: 2F 1-2: Strikes out swinging, 2-3 out at first.
|
|
Batting: RHB Rene Montoya
|
0-0: Foul Ball, location: 2F 0-1: Called Strike 0-2: Ground out 5-3 (Groundball, 56, EV 106.9 MPH)
|
|
Batting: RHB Ben Welt
|
0-0: Foul Ball, location: 2F 0-1: Ball 1-1: Called Strike 1-2: SINGLE (Line Drive, 78M, EV 96.2 MPH)
|
|
Batting: RHB John McNeill
|
0-0: Fly out, F6 (Popup, 56D, EV 66.2 MPH)
|
| Bottom of the 4th over - 0 runs, 1 hit, 0 errors, 1 left on base; San Jose 2 - Harrisburg 6 |
| TOP OF THE 5TH |
|
San Jose Giants batting - Pitching for Harrisburg Senators : LHP Harry Osborne
|
|
Batting: RHB Gabe Ochoa
|
0-0: Ground out 6-3 (Groundball, 6, EV 98.8 MPH)
|
|
Batting: RHB Bill Defazio
|
0-0: Ball 1-0: Swinging Strike 1-1: Ball 2-1: Foul Ball, location: 2F 2-2: Ball 3-2: Strikes out swinging
|
|
Batting: RHB Sadataka Kuwahara
|
0-0: Ground out 3-1 (Groundball, 34S, EV 79.4 MPH)
|
| Top of the 5th over - 0 runs, 0 hits, 0 errors, 0 left on base; San Jose 2 - Harrisburg 6 |
| BOTTOM OF THE 5TH |
|
Harrisburg Senators batting - Pitching for San Jose Giants : RHP Lorenzo Merjil
|
|
Batting: RHB Gabe Almazan
|
0-0: Ball 1-0: Ball 2-0: Ball 3-0: Base on Balls
|
|
Batting: RHB Justin Slifka
|
0-0: Ball Gabe Almazan is caught stealing 2nd base 2-4 1-0: Ball 2-0: Foul Ball, location: 2F 2-1: Swinging Strike 2-2: Strikes out swinging
|
|
Batting: RHB Tony Madrigal
|
0-0: Ball 1-0: Foul Ball, location: 2F 1-1: Ball 2-1: Called Strike 2-2: Strikes out looking
|
| Bottom of the 5th over - 0 runs, 0 hits, 0 errors, 0 left on base; San Jose 2 - Harrisburg 6 |
| TOP OF THE 6TH |
|
San Jose Giants batting - Pitching for Harrisburg Senators : LHP Harry Osborne
|
|
Batting: LHB Al Hernandez
|
0-0: Called Strike 0-1: Foul Ball, location: 2F 0-2: Ball 1-2: Ball 2-2: Ball 3-2: Foul Ball, location: 2F 3-2: Fly out, F8 (Flyball, 78D, EV 93.1 MPH)
|
|
Batting: LHB Jared Paige
|
0-0: Foul Ball, location: 2F 0-1: Ball 1-1: Called Strike 1-2: Foul Ball, location: 2F 1-2: Strikes out swinging
|
|
Batting: LHB J.P. Olson
|
0-0: Ball 1-0: Swinging Strike 1-1: Ground out 4-3 (Groundball, 4, EV 85.0 MPH)
|
| Top of the 6th over - 0 runs, 0 hits, 0 errors, 0 left on base; San Jose 2 - Harrisburg 6 |
| BOTTOM OF THE 6TH |
|
Harrisburg Senators batting - Pitching for San Jose Giants : RHP Lorenzo Merjil
|
|
Batting: SHB Alex Medina
|
0-0: Ball 1-0: Ball 2-0: Called Strike 2-1: SINGLE (Groundball, 6S, EV 68.8 MPH) (infield hit)
|
|
Batting: RHB Jim Miske
|
0-0: Called Strike 0-1: Swinging Strike 0-2: Ball 1-2: Fly out, F8 (Flyball, 8RM, EV 88.8 MPH)
|
|
Pitching: RHP Evan Boy
|
|
|
Batting: RHB Kevin Wick
|
0-0: Called Strike 0-1: Ball 1-1: Fly out, F9 (Flyball, 89D, EV 103.8 MPH)
|
|
Batting: RHB Rene Montoya
|
0-0: Ball 1-0: Foul Ball, location: 2F 1-1: Ball 2-1: Foul Ball, location: 2F 2-2: Foul Ball, location: 9LSF, Error on foul ball, E9 2-2: Ball 3-2: Foul Ball, location: 2F 3-2: Ground out 6-3 (Groundball, 6, EV 95.0 MPH)
|
| Bottom of the 6th over - 0 runs, 1 hit, 1 error, 1 left on base; San Jose 2 - Harrisburg 6 |
| TOP OF THE 7TH |
|
San Jose Giants batting - Pitching for Harrisburg Senators : LHP Harry Osborne
|
|
Batting: LHB Ryan Anderson
|
0-0: Ball 1-0: Ball 2-0: Ground out 4-3 (Groundball, 4, EV 79.4 MPH)
|
|
Batting: RHB Josh Lippens
|
0-0: Called Strike 0-1: Foul Ball, location: 2F 0-2: Ball 1-2: Ball 2-2: Strikes out looking
|
|
Batting: RHB Dinand Brouwer
|
0-0: Ball 1-0: Called Strike 1-1: Foul Ball, location: 2F 1-2: Ball 2-2: Foul Ball, location: 2F 2-2: Strikes out swinging
|
| Top of the 7th over - 0 runs, 0 hits, 0 errors, 0 left on base; San Jose 2 - Harrisburg 6 |
| BOTTOM OF THE 7TH |
|
Harrisburg Senators batting - Pitching for San Jose Giants : RHP Evan Boy
|
|
Batting: RHB Ben Welt
|
0-0: Ball 1-0: Ball 2-0: Called Strike 2-1: Foul Ball, location: 2F 2-2: Strikes out swinging
|
|
Batting: RHB John McNeill
|
0-0: Swinging Strike 0-1: Ball 1-1: Swinging Strike 1-2: SINGLE (Groundball, 5S, EV 76.2 MPH) (infield hit)
|
|
Pitching: LHP Matt Wass
|
|
|
Batting: RHB Gabe Almazan
|
0-0: Called Strike 0-1: Called Strike John McNeill steals 2nd base 0-2: Ground out 6-3 (Groundball, 6, EV 80.6 MPH) John McNeill to third
|
|
Batting: RHB Justin Slifka
|
0-0: Fly out, F8 (Flyball, 8LD, EV 107.5 MPH)
|
| Bottom of the 7th over - 0 runs, 1 hit, 0 errors, 1 left on base; San Jose 2 - Harrisburg 6 |
| TOP OF THE 8TH |
|
San Jose Giants batting - Pitching for Harrisburg Senators : LHP Harry Osborne
|
|
Pitching: RHP Chris Close
|
|
|
Batting: RHB Gabe Ochoa
|
0-0: Ball 1-0: Ball 2-0: Ball 3-0: Called Strike 3-1: Foul Ball, location: 2F 3-2: Ground out 6-3 (Groundball, 6, EV 99.4 MPH)
|
|
Batting: RHB Bill Defazio
|
0-0: Ball 1-0: Fly out, F7 (Flyball, 7, EV 92.5 MPH)
|
|
Batting: RHB Sadataka Kuwahara
|
0-0: Called Strike 0-1: Fly out, F9 (Flyball, 9S, EV 76.2 MPH)
|
| Top of the 8th over - 0 runs, 0 hits, 0 errors, 0 left on base; San Jose 2 - Harrisburg 6 |
| BOTTOM OF THE 8TH |
|
Harrisburg Senators batting - Pitching for San Jose Giants : LHP Matt Wass
|
|
Batting: RHB Tony Madrigal
|
0-0: Called Strike 0-1: Ball 1-1: Ground out 6-3 (Groundball, 6S, EV 79.4 MPH)
|
|
Batting: SHB Alex Medina
|
0-0: Ball 1-0: Ball 2-0: Called Strike 2-1: Fly out, F6 (Popup, 4MD, EV 65.0 MPH)
|
|
Batting: RHB Jim Miske
|
0-0: Called Strike 0-1: Ball 1-1: Ball 2-1: Ground out 5-3 (Groundball, 56S, EV 78.8 MPH)
|
| Bottom of the 8th over - 0 runs, 0 hits, 0 errors, 0 left on base; San Jose 2 - Harrisburg 6 |
| TOP OF THE 9TH |
|
San Jose Giants batting - Pitching for Harrisburg Senators : RHP Chris Close
|
|
Pitching: LHP Kerry Baty
|
|
|
Batting: LHB Al Hernandez
|
0-0: SOLO HOME RUN (Flyball, 9LD, EV 92.5 MPH), Distance : 326 ft
|
|
Batting: LHB Jared Paige
|
0-0: Called Strike 0-1: Called Strike 0-2: Ball 1-2: Foul Ball, location: 2F 1-2: Strikes out swinging
|
|
Batting: LHB J.P. Olson
|
0-0: Called Strike 0-1: Ball 1-1: Ball 2-1: Ground out 1-3 (Groundball, 13S, EV 63.8 MPH)
|
|
Batting: LHB Ryan Anderson
|
0-0: Called Strike 0-1: Ball 1-1: Swinging Strike 1-2: Foul Ball, location: 2F 1-2: Ball 2-2: Ball 3-2: Strikes out swinging
|
| Top of the 9th over - 1 run, 1 hit, 0 errors, 0 left on base; San Jose 3 - Harrisburg 6 |
|